 Dungeon Crawl Stone Soup version 0.19.5 (webtiles) character file.

172 Golfball the Skirmisher (level 5, 0/48 HPs)
             Began as a Hill Orc Fighter on Apr 17, 2017.
             Succumbed to a scorpion's poison
             ... on level 4 of the Dungeon.
             The game lasted 00:16:45 (3137 turns).

Golfball the Skirmisher (Hill Orc Fighter)          Turns: 3137, Time: 00:16:46

Health: 0/48       AC:  8    Str: 20    XL:     5   Next: 53%
Magic:  5/5        EV:  7    Int:  8    God:
Gold:   123        SH:  0    Dex: 10    Spells: 0 memorised, 4 levels left

rFire  . . .     SeeInvis .     r - +0 flail (protect)
rCold  . . .     Gourm    +     b - +0 scale mail
rNeg   . . .     Faith    .     c - +0 shield
rPois  .         Spirit   .     (no helmet)
rElec  .         Reflect  .     o - +0 cloak (curse)
rCorr  .         Harm     .     (no gloves)
MR     .....                    (no boots)
Stlth  ..........               l - amulet of the gourmand
                                (no ring)
                                (no ring)

@: confused, lethally poisoned (0 -> -4), very slightly contaminated, glowing
A: no striking features
a: no special abilities


You were on level 4 of the Dungeon.
You were completely stuffed.

You visited 1 branch of the dungeon, and saw 4 of its levels.

You collected 123 gold pieces.

Inventory:

Hand Weapons
 r - a +0 flail of protection (weapon)
Armour
 b - a +0 scale mail (worn)
 c - a +0 shield (worn)
 o - a cursed +0 cloak (worn)
Jewellery
 l - an amulet of the gourmand (around neck)
Scrolls
 g - 2 scrolls of teleportation
 h - 2 scrolls of identify
 q - a scroll of remove curse
Potions
 d - a potion of might
 e - a potion of lignification
 k - 2 potions of haste
 m - a potion of invisibility
 n - a potion of curing
 s - a potion of magic
 t - a potion of berserk rage {unknown}
Comestibles
 a - a royal jelly
 f - 3 bread rations
 i - 2 beef jerkies
 j - 2 meat rations


   Skills:
 + Level 5.4 Fighting
 + Level 4.1 Maces & Flails
 + Level 3.7 Armour
 + Level 3.7 Shields


You had 4 spell levels left.
You didn't know any spells.

Dungeon Overview and Level Annotations

Branches:
Dungeon (4/15)
 Temple: D:4-7

Altars:
Cheibriados
Uskayaw

Annotations:
D:3 HAWKINGL3623's ghost, amateur KoCK
D:4 InfiniteBenevolence's ghost, amateur SpEn


Message History

You start resting.
You feel sick.
InfiniteBenevolence's ghost (amateur Spriggan Enchanter) comes into view.
You feel sick.
InfiniteBenevolence's ghost turns its malevolent gaze towards you.
InfiniteBenevolence's ghost gestures at you while chanting.
You resist with significant effort.
InfiniteBenevolence's ghost points at you and mumbles some strange words.
The spray of energy hits you!
* * * LOW HITPOINT WARNING * * *
You are confused.
* * * LOW HITPOINT WARNING * * *
You feel sick.
* * * LOW HITPOINT WARNING * * *
You feel sick.
You bump into the rock wall.
InfiniteBenevolence's ghost gestures at you while chanting.
You are outlined in light.
* * * LOW HITPOINT WARNING * * *
You feel sick.
You die...

#.## #... #
#..# #.##
###..###.W..#
#. #.....†..#
#..#.#.#.####
#.#.#.W.#
#......##..#.
##...@.......
#..#.###..#.
##.....# ##
#.#.#.#
#.....#
#...###
#####...#
.......>#
#######.#


You could see InfiniteBenevolence's ghost.

Vanquished Creatures
  A scorpion (D:4)
  An orc wizard (D:3)
  An adder (D:2)
  An ooze (D:2)
  4 worms
  A dart slug (D:1)
  4 orcs (D:3)
  8 bats
  4 giant cockroaches
  3 goblins
  11 hobgoblins
  6 jackals (D:1)
  A quokka (D:2)
  4 frilled lizards
  11 kobolds
  5 rats
66 creatures vanquished.

Notes
Turn   | Place    | Note
-------+----------+-------------------------------------------
     0 | D:1      | Golfball the Hill Orc Fighter began the quest for the Orb.
     0 | D:1      | Reached XP level 1. HP: 19/19 MP: 1/1
     6 | D:1      | Noticed a crocodile
     6 | D:1      | Noticed a lindwurm
     6 | D:1      | Noticed a swamp drake
     7 | D:1      | Noticed a water moccasin
   111 | D:1      | Reached XP level 2. HP: 27/27 MP: 2/2
   173 | D:1      | Reached skill level 4 in Fighting
   422 | D:1      | Reached XP level 3. HP: 32/34 MP: 3/3
  1247 | D:2      | Found a snail-covered altar of Cheibriados.
  1580 | D:2      | Reached XP level 4. HP: 41/41 MP: 4/4
  1720 | D:2      | Reached skill level 5 in Fighting
  2169 | D:3      | Noticed HAWKINGL3623's ghost (amateur KoCK)
  2588 | D:3      | Reached XP level 5. HP: 48/48 MP: 5/5
  2763 | D:3      | Found a hide-covered altar of Uskayaw.
  3131 | D:4      | Noticed InfiniteBenevolence's ghost (amateur SpEn)
  3134 | D:4      | HP: 2/48 [poisoned by a scorpion]
  3137 | D:4      | Succumbed to a scorpion's poison

Skill      XL: |  1  2  3  4  5 |
---------------+----------------+-----
Fighting       | 4 5 |  5.4
Maces & Flails | 3 4 |  4.1
Armour         | |  3.7
Shields        | |  3.7

Action                   |  1- 3 |  4- 6 || total
-------------------------+-------+-------++-------
Melee: Flail             |   155 |   113 ||   268
  Use: Scroll            |     8 |     4 ||    12
  Eat: Chunk             |    14 |     9 ||    23
Armor: Scale mail        |    69 |    42 ||   111
Dodge: Dodged            |    42 |    28 ||    70
Block: Shield            |    79 |    35 ||   114
